[ AOE2 MATCH · #471927976 ]
UnrankedSicilians vs Bulgarians
[ REPLAY ANALYSIS · EXTRACTED FROM THE RECORDED GAME ]
Feudal
13:39
Castle
18:43
Imperial
—
| APM avg | 40.6 |
| APM peak | 80 |
| eAPM avg | 21.3 |
| Villagers / military | 104 / 7 |
Focus
⚔️ 26.7% · 🌾 73.3%
Fishing Ship ×12 · Mangonel ×2 · Battering Ram ×2 · Petard ×1 · Serjeant ×1 · Transport Ship ×1
Feudal
—
Castle
—
Imperial
—
| APM avg | 47.1 |
| APM peak | 84 |
| eAPM avg | 28.7 |
| Villagers / military | 214 / 125 |
Focus
⚔️ 38.0% · 🌾 62.0%
Archer ×115 · Fishing Ship ×42 · Unknown (2626) ×25 · Fire Galley ×5 · Galley ×4 · Unknown (1948) ×3
Feudal
12:28
Castle
17:38
Imperial
35:16
| APM avg | 34.9 |
| APM peak | 77 |
| eAPM avg | 22.7 |
| Villagers / military | 130 / 71 |
Focus
⚔️ 51.0% · 🌾 49.0%
Konnik ×64 · Fishing Ship ×19 · Battering Ram ×4 · Mangonel ×2 · Monk ×1 · Unknown (2626) ×1
Feudal
12:33
Castle
19:40
Imperial
34:51
| APM avg | 49.4 |
| APM peak | 103 |
| eAPM avg | 26.0 |
| Villagers / military | 148 / 99 |
Focus
⚔️ 36.7% · 🌾 63.3%
Skirmisher ×84 · Unknown (882) ×27 · Unknown (2626) ×12 · Fishing Ship ×9 · Galley ×8 · Scorpion ×4
Feudal
15:01
Castle
24:36
Imperial
41:57
| APM avg | 52.1 |
| APM peak | 99 |
| eAPM avg | 31.0 |
| Villagers / military | 99 / 26 |
Focus
⚔️ 35.6% · 🌾 64.4%
Coustillier ×18 · Unknown (2626) ×17 · Fishing Ship ×10 · Demolition Raft ×5 · Bombard Cannon ×2 · Mangonel ×1
Feudal
14:07
Castle
18:21
Imperial
33:37
| APM avg | 44.1 |
| APM peak | 84 |
| eAPM avg | 23.4 |
| Villagers / military | 152 / 105 |
Focus
⚔️ 43.0% · 🌾 57.0%
Plumed Archer ×89 · Trebuchet (Packed) ×11 · Eagle Scout ×5 · Fishing Ship ×3
Feudal
13:38
Castle
19:35
Imperial
32:01
| APM avg | 28.8 |
| APM peak | 69 |
| eAPM avg | 22.7 |
| Villagers / military | 139 / 213 |
Focus
⚔️ 39.0% · 🌾 61.0%
Skirmisher ×101 · Karambit Warrior ×48 · Archer ×42 · Unknown (2626) ×14 · Trebuchet (Packed) ×13 · Fishing Ship ×12
Feudal
13:13
Castle
16:48
Imperial
35:21
| APM avg | 50.0 |
| APM peak | 108 |
| eAPM avg | 25.4 |
| Villagers / military | 168 / 136 |
Focus
⚔️ 43.6% · 🌾 56.4%
Cavalry Archer ×96 · Skirmisher ×35 · Fishing Ship ×9 · Trebuchet (Packed) ×3 · Monk ×2
Match map
Initial resources + every placement click. Lines = walls · curves = elevation contours. ◆ gold · ⬟ stone · ● berries · ✦ relic · ◌ wall gap
Your base· Open — 6t gap
OmegaJ256's base· Open — 7t gap
VL Lemoine's base· Open — 14t gap
Z_1_p_l_a's base· Open — 10t gap
VL Carlos Manzo's base· Open — 4t gap
TdB.TheMoonlightBoy's base· Open — 5t gap
VL JPGP's base· Open — 13t gap
Sawasha Takohida's base· Open — 4t gap
Smoothed initial terrain · ◌ = detected wall gap · hover for details
Inputs per minute
— DeX_JeD1 - - OmegaJ256
Build order — DeX_JeD1
First 150 of 219 actions detected
| 0:29 | Build | Town Center |
| 0:39 | Build | Dock |
| 2:40 | Build | House |
| 2:43 | Create | Villager (Male) |
| 2:43 | Create | Villager (Male) |
| 2:44 | Create | Villager (Male) |
| 2:44 | Create | Villager (Male) |
| 3:25 | Research | Loom |
| 3:54 | Create | Villager (Male) |
| 3:54 | Create | Villager (Male) |
| 3:58 | Create | Fishing Ship |
| 4:41 | Create | Villager (Male) |
| 4:41 | Create | Villager (Male) |
| 4:42 | Create | Villager (Male) |
| 5:13 | Create | Villager (Male) |
| 5:13 | Create | Villager (Male) |
| 5:13 | Create | Villager (Male) |
| 5:26 | Build | House |
| 5:46 | Create | Villager (Male) |
| 5:46 | Create | Villager (Male) |
| 5:46 | Create | Villager (Male) |
| 6:07 | Create | Villager (Male) |
| 6:07 | Create | Villager (Male) |
| 6:07 | Create | Villager (Male) |
| 6:33 | Create | Villager (Male) |
| 6:33 | Create | Villager (Male) |
| 6:42 | Build | House |
| 7:00 | Create | Villager (Male) |
| 7:00 | Create | Villager (Male) |
| 7:14 | Create | Fishing Ship |
| 7:19 | Build | Palisade Wall |
| 7:28 | Create | Villager (Male) |
| 7:28 | Create | Villager (Male) |
| 7:28 | Create | Villager (Male) |
| 7:43 | Create | Villager (Male) |
| 7:43 | Create | Villager (Male) |
| 7:46 | Build | Palisade Gate |
| 8:00 | Create | Fishing Ship |
| 8:00 | Create | Fishing Ship |
| 8:21 | Create | Villager (Male) |
| 8:21 | Create | Villager (Male) |
| 8:21 | Create | Villager (Male) |
| 8:42 | Build | House |
| 9:07 | Create | Villager (Male) |
| 9:20 | Create | Villager (Male) |
| 9:27 | Build | Mill |
| 9:34 | Build | House |
| 9:54 | Create | Villager (Male) |
| 10:20 | Create | Villager (Male) |
| 10:26 | Create | Fishing Ship |
| 10:53 | Build | House |
| 10:55 | Create | Villager (Male) |
| 11:09 | Create | Fishing Ship |
| 11:19 | Build | House |
| 11:29 | Research | Feudal Age |
| 11:29 | Research | Feudal Age |
| 11:56 | Build | Palisade Wall |
| 12:23 | Build | Lumber Camp |
| 12:56 | Build | House |
| 13:39 | Age | Feudal Age |
| 13:39 | Create | Villager (Male) |
| 13:44 | Build | Donjon |
| 13:51 | Build | Palisade Wall |
| 13:51 | Create | Villager (Male) |
| 14:13 | Create | Villager (Male) |
| 14:31 | Build | Market |
| 14:38 | Build | Market |
| 14:42 | Create | Villager (Male) |
| 14:45 | Build | Stone Wall |
| 15:15 | Create | Villager (Male) |
| 15:27 | Create | Villager (Male) |
| 15:31 | Build | Blacksmith |
| 16:03 | Research | Castle Age |
| 16:04 | Research | Castle Age |
| 16:50 | Research | Double-Bit Axe |
| 16:50 | Research | Double-Bit Axe |
| 16:58 | Build | Fish Trap |
| 18:27 | Research | Fletching |
| 18:27 | Research | Fletching |
| 18:43 | Age | Castle Age |
| 18:50 | Build | Castle |
| 19:10 | Create | Villager (Male) |
| 19:35 | Build | Fish Trap |
| 19:39 | Build | Fish Trap |
| 20:15 | Create | Villager (Male) |
| 20:30 | Create | Villager (Male) |
| 20:48 | Create | Villager (Male) |
| 21:03 | Create | Serjeant |
| 21:35 | Create | Villager (Male) |
| 21:37 | Build | Siege Workshop |
| 22:12 | Create | Battering Ram |
| 22:12 | Create | Battering Ram |
| 22:29 | Create | Petard |
| 23:12 | Create | Villager (Male) |
| 23:50 | Create | Villager (Male) |
| 24:04 | Create | Villager (Male) |
| 24:22 | Create | Villager (Male) |
| 24:55 | Build | Town Center |
| 25:13 | Create | Villager (Male) |
| 25:38 | Create | Mangonel |
| 25:38 | Create | Mangonel |
| 26:24 | Create | Villager (Male) |
| 26:25 | Create | Villager (Male) |
| 26:25 | Create | Villager (Male) |
| 26:31 | Build | Farm |
| 26:33 | Build | Farm |
| 27:01 | Create | Villager (Male) |
| 27:11 | Build | Dock |
| 27:53 | Create | Villager (Male) |
| 28:08 | Create | Villager (Male) |
| 28:22 | Create | Transport Ship |
| 28:24 | Build | House |
| 31:03 | Build | Town Center |
| 31:50 | Create | Villager (Male) |
| 32:20 | Build | Farm |
| 33:31 | Create | Villager (Male) |
| 33:33 | Build | Farm |
| 33:34 | Build | Farm |
| 33:36 | Build | Farm |
| 33:37 | Create | Villager (Male) |
| 33:41 | Build | Farm |
| 33:44 | Build | Farm |
| 33:46 | Build | Farm |
| 34:09 | Build | House |
| 34:22 | Create | Villager (Male) |
| 34:24 | Build | Farm |
| 34:27 | Build | Farm |
| 34:51 | Build | House |
| 34:51 | Create | Villager (Male) |
| 35:18 | Research | Wheelbarrow |
| 35:18 | Research | Wheelbarrow |
| 35:21 | Create | Villager (Male) |
| 35:45 | Build | Mill |
| 35:52 | Create | Villager (Male) |
| 36:14 | Research | Bow Saw |
| 36:14 | Research | Bow Saw |
| 36:41 | Research | Horse Collar |
| 36:42 | Research | Horse Collar |
| 36:49 | Create | Villager (Male) |
| 36:49 | Create | Villager (Male) |
| 37:03 | Create | Villager (Male) |
| 37:23 | Build | Dock |
| 37:27 | Create | Villager (Male) |
| 37:55 | Create | Villager (Male) |
| 38:06 | Create | Fishing Ship |
| 38:08 | Build | House |
| 38:25 | Create | Villager (Male) |
| 38:34 | Build | Town Center |
| 38:39 | Build | House |
| 38:43 | Create | Fishing Ship |
Build order — OmegaJ256
First 150 of 556 actions detected
| 0:27 | Build | Town Center |
| 0:34 | Build | Town Center |
| 0:48 | Build | Dock |
| 0:53 | Build | House |
| 3:07 | Create | Villager (Male) |
| 3:07 | Create | Villager (Male) |
| 3:07 | Create | Villager (Male) |
| 3:08 | Create | Villager (Male) |
| 3:08 | Create | Villager (Male) |
| 3:49 | Create | Villager (Male) |
| 4:15 | Create | Fishing Ship |
| 5:04 | Build | House |
| 5:07 | Create | Villager (Male) |
| 5:36 | Create | Villager (Male) |
| 5:47 | Create | Fishing Ship |
| 6:06 | Create | Villager (Male) |
| 6:24 | Build | House |
| 6:37 | Create | Villager (Male) |
| 6:37 | Create | Villager (Male) |
| 7:03 | Create | Villager (Male) |
| 7:05 | Create | Fishing Ship |
| 7:33 | Create | Villager (Male) |
| 7:34 | Create | Villager (Male) |
| 7:37 | Create | Fishing Ship |
| 7:37 | Create | Fishing Ship |
| 7:52 | Build | House |
| 8:04 | Create | Villager (Male) |
| 8:12 | Create | Fishing Ship |
| 8:30 | Create | Villager (Male) |
| 8:31 | Create | Villager (Male) |
| 8:39 | Create | Fishing Ship |
| 8:50 | Create | Villager (Male) |
| 8:55 | Create | Villager (Male) |
| 8:55 | Create | Villager (Male) |
| 9:11 | Build | House |
| 9:12 | Create | Fishing Ship |
| 9:28 | Create | Villager (Male) |
| 9:53 | Create | Villager (Male) |
| 9:57 | Create | Fishing Ship |
| 10:09 | Create | Fishing Ship |
| 10:24 | Create | Villager (Male) |
| 10:26 | Build | House |
| 10:32 | Build | Palisade Wall |
| 10:37 | Build | Dock |
| 10:45 | Create | Villager (Male) |
| 10:49 | Create | Fishing Ship |
| 10:54 | Create | Villager (Male) |
| 10:58 | Create | Villager (Male) |
| 11:01 | Create | Villager (Male) |
| 11:02 | Create | Villager (Male) |
| 11:14 | Create | Fishing Ship |
| 11:24 | Build | Lumber Camp |
| 11:32 | Create | Villager (Male) |
| 12:04 | Create | Fishing Ship |
| 12:05 | Create | Fishing Ship |
| 12:15 | Research | Feudal Age |
| 12:51 | Build | Barracks |
| 13:03 | Create | Villager (Male) |
| 13:06 | Build | House |
| 13:07 | Create | Villager (Male) |
| 14:30 | Build | Archery Range |
| 14:32 | Build | Blacksmith |
| 14:38 | Create | Unit 2626 |
| 14:38 | Create | Unit 2626 |
| 14:58 | Create | Unit 2626 |
| 15:28 | Research | Castle Age |
| 15:28 | Research | Castle Age |
| 15:32 | Create | Unit 2626 |
| 15:38 | Create | Archer |
| 15:41 | Build | House |
| 15:51 | Create | Unit 2626 |
| 16:00 | Research | Double-Bit Axe |
| 16:12 | Build | Dock |
| 16:24 | Create | Unit 2626 |
| 16:25 | Create | Unit 2626 |
| 16:31 | Create | Villager (Male) |
| 16:32 | Create | Archer |
| 16:37 | Build | House |
| 16:43 | Create | Unit 2626 |
| 17:02 | Create | Unit 2626 |
| 17:02 | Create | Villager (Male) |
| 17:06 | Create | Villager (Male) |
| 17:08 | Create | Archer |
| 17:14 | Build | House |
| 17:18 | Create | Villager (Male) |
| 17:33 | Create | Unit 2626 |
| 17:55 | Create | Unit 2626 |
| 17:55 | Create | Unit 2626 |
| 17:55 | Create | Villager (Male) |
| 18:15 | Research | War Galley (upgrade) |
| 18:15 | Research | War Galley (upgrade) |
| 18:16 | Create | Villager (Male) |
| 18:23 | Create | Unit 2626 |
| 18:23 | Create | Unit 2626 |
| 18:28 | Create | Villager (Male) |
| 18:36 | Build | Town Center |
| 18:36 | Create | Villager (Male) |
| 18:40 | Create | Unit 2626 |
| 18:40 | Create | Unit 2626 |
| 18:40 | Create | Unit 2626 |
| 18:43 | Create | Villager (Male) |
| 18:52 | Create | Galley |
| 18:52 | Create | Villager (Male) |
| 18:55 | Create | Villager (Male) |
| 18:57 | Create | Villager (Male) |
| 19:03 | Create | Villager (Male) |
| 19:09 | Create | Villager (Male) |
| 19:11 | Create | Villager (Male) |
| 19:19 | Create | Unit 2626 ×2 |
| 19:19 | Create | Unit 2626 ×2 |
| 19:22 | Create | Villager (Male) |
| 19:31 | Create | Villager (Male) |
| 19:35 | Create | Villager (Male) |
| 19:44 | Create | Unit 2626 |
| 19:44 | Create | Unit 2626 |
| 19:44 | Create | Unit 2626 |
| 19:58 | Create | Galley |
| 19:58 | Create | Galley |
| 19:58 | Create | Villager (Male) |
| 20:06 | Research | Fletching |
| 20:07 | Create | Villager (Male) |
| 20:11 | Create | Villager (Male) |
| 20:34 | Create | Villager (Male) |
| 20:38 | Build | Town Center |
| 20:39 | Create | Archer |
| 20:44 | Create | Fire Galley |
| 20:44 | Create | Fire Galley |
| 21:04 | Create | Fire Galley |
| 21:14 | Create | Villager (Male) |
| 21:19 | Create | Galley |
| 21:27 | Create | Villager (Male) |
| 21:30 | Create | Fire Galley |
| 21:30 | Create | Fire Galley |
| 21:36 | Create | Villager (Male) |
| 21:51 | Build | Mill |
| 21:58 | Create | Archer |
| 21:59 | Create | Archer |
| 22:08 | Create | Villager (Male) |
| 22:15 | Create | Villager (Male) |
| 22:26 | Build | Lumber Camp |
| 22:36 | Create | Fishing Ship |
| 22:36 | Create | Fishing Ship |
| 22:38 | Create | Villager (Male) |
| 22:48 | Create | Archer |
| 22:48 | Create | Archer |
| 22:56 | Create | Villager (Male) |
| 23:01 | Build | House |
| 23:02 | Build | House |
| 23:04 | Create | Villager (Male) |
| 23:14 | Create | Archer |
Build order — VL Lemoine
First 150 of 385 actions detected
| 0:15 | Build | Town Center |
| 0:27 | Build | Dock |
| 2:20 | Build | House |
| 2:34 | Create | Villager (Male) |
| 2:35 | Create | Villager (Male) |
| 2:35 | Create | Villager (Male) |
| 2:35 | Create | Villager (Male) |
| 3:50 | Build | House |
| 3:57 | Create | Villager (Male) |
| 3:57 | Create | Villager (Male) |
| 4:08 | Create | Fishing Ship |
| 4:23 | Build | House |
| 4:39 | Create | Villager (Male) |
| 5:12 | Research | Loom |
| 5:28 | Create | Villager (Male) |
| 5:29 | Create | Fishing Ship |
| 6:02 | Create | Villager (Male) |
| 6:15 | Create | Villager (Male) |
| 6:19 | Build | House |
| 6:26 | Create | Fishing Ship |
| 6:26 | Create | Fishing Ship |
| 6:49 | Create | Villager (Male) |
| 6:49 | Create | Villager (Male) |
| 6:57 | Create | Fishing Ship |
| 7:11 | Create | Villager (Male) |
| 7:19 | Build | House |
| 7:25 | Create | Villager (Male) |
| 7:43 | Create | Fishing Ship |
| 8:07 | Create | Villager (Male) |
| 8:16 | Create | Villager (Male) |
| 8:19 | Create | Fishing Ship |
| 8:46 | Build | House |
| 8:50 | Create | Villager (Male) |
| 9:15 | Build | Mill |
| 9:17 | Create | Villager (Male) |
| 9:42 | Create | Villager (Male) |
| 9:43 | Create | Fishing Ship |
| 10:18 | Research | Feudal Age |
| 10:33 | Create | Fishing Ship |
| 10:44 | Build | House |
| 10:58 | Build | Mining Camp |
| 11:01 | Build | Mining Camp |
| 11:38 | Create | Villager (Male) |
| 11:55 | Build | Palisade Wall |
| 12:12 | Build | Dock |
| 12:28 | Age | Feudal Age |
| 12:36 | Create | Villager (Male) |
| 12:50 | Build | Market |
| 12:54 | Build | Palisade Wall |
| 13:00 | Create | Villager (Male) |
| 13:35 | Create | Villager (Male) |
| 13:49 | Build | Blacksmith |
| 13:54 | Create | Villager (Male) |
| 14:18 | Build | Palisade Wall |
| 14:25 | Create | Villager (Male) |
| 14:46 | Build | House |
| 14:53 | Research | Castle Age |
| 15:01 | Build | House |
| 15:40 | Build | Palisade Wall |
| 15:45 | Build | Palisade Wall |
| 15:47 | Build | Palisade Wall |
| 15:51 | Build | Palisade Gate |
| 15:53 | Build | Palisade Wall |
| 16:10 | Build | Mining Camp |
| 16:15 | Build | Lumber Camp |
| 16:34 | Research | Double-Bit Axe |
| 16:37 | Create | Villager (Male) |
| 17:05 | Build | Palisade Wall |
| 17:06 | Build | Palisade Wall |
| 17:33 | Build | House |
| 17:38 | Age | Castle Age |
| 17:39 | Build | Krepost |
| 17:56 | Build | Town Center |
| 18:00 | Create | Villager (Male) |
| 18:02 | Research | Tech 906 |
| 18:10 | Create | Villager (Male) |
| 18:18 | Create | Konnik |
| 18:20 | Research | Scale Barding Armor |
| 18:35 | Create | Konnik |
| 18:51 | Create | Konnik |
| 19:00 | Create | Konnik |
| 19:28 | Create | Villager (Male) |
| 19:34 | Create | Villager (Male) |
| 19:36 | Create | Villager (Male) |
| 19:46 | Build | Town Center |
| 20:06 | Create | Villager (Male) |
| 20:20 | Create | Villager (Male) |
| 20:37 | Create | Villager (Male) |
| 20:39 | Build | Siege Workshop |
| 20:55 | Create | Villager (Male) |
| 21:05 | Create | Fishing Ship |
| 21:05 | Create | Fishing Ship |
| 21:06 | Create | Fishing Ship |
| 21:08 | Create | Battering Ram |
| 21:09 | Create | Villager (Male) |
| 21:20 | Create | Villager (Male) |
| 21:25 | Create | Villager (Male) |
| 21:44 | Create | Villager (Male) |
| 21:54 | Create | Villager (Male) |
| 21:56 | Create | Villager (Male) |
| 22:07 | Create | Villager (Male) |
| 22:08 | Create | Battering Ram |
| 22:18 | Create | Villager (Male) |
| 22:33 | Create | Villager (Male) |
| 22:36 | Create | Villager (Male) |
| 22:41 | Create | Fishing Ship |
| 22:41 | Create | Fishing Ship |
| 22:41 | Create | Fishing Ship |
| 22:43 | Create | Villager (Male) |
| 22:51 | Create | Villager (Male) |
| 22:53 | Create | Villager (Male) |
| 22:56 | Create | Fishing Ship |
| 22:57 | Create | Fishing Ship |
| 23:09 | Create | Battering Ram |
| 23:21 | Build | Dock |
| 23:25 | Create | Villager (Male) |
| 23:40 | Create | Mangonel |
| 23:41 | Create | Villager (Male) |
| 23:48 | Create | Villager (Male) |
| 23:53 | Create | Fishing Ship |
| 23:53 | Create | Fishing Ship |
| 24:04 | Build | Castle |
| 24:11 | Create | Villager (Male) |
| 24:22 | Create | Villager (Male) |
| 24:32 | Create | Villager (Male) |
| 24:42 | Build | Monastery |
| 24:45 | Create | Battering Ram |
| 24:47 | Create | Villager (Male) |
| 24:53 | Build | House |
| 24:54 | Create | Villager (Male) |
| 25:04 | Build | Lumber Camp |
| 25:20 | Build | Outpost |
| 25:21 | Build | Outpost |
| 25:22 | Create | Villager (Male) |
| 25:29 | Create | Villager (Male) |
| 25:33 | Create | Monk |
| 25:34 | Create | Villager (Male) |
| 25:39 | Build | Farm |
| 25:39 | Research | Horse Collar |
| 25:40 | Create | Villager (Male) |
| 25:55 | Build | House |
| 25:56 | Build | House |
| 26:06 | Create | Mangonel |
| 26:10 | Create | Villager (Male) |
| 26:18 | Research | Wheelbarrow |
| 26:25 | Build | Outpost |
| 26:26 | Create | Villager (Male) |
| 26:50 | Create | Villager (Male) |
| 26:58 | Build | Krepost |
| 27:00 | Build | Outpost |
Build order — Z_1_p_l_a
First 150 of 485 actions detected
| 0:14 | Build | Town Center |
| 1:31 | Build | Dock |
| 1:49 | Build | House |
| 2:30 | Create | Villager (Male) |
| 2:31 | Create | Villager (Male) |
| 2:31 | Create | Villager (Male) |
| 2:31 | Create | Villager (Male) |
| 3:41 | Create | Fishing Ship |
| 4:04 | Create | Villager (Male) |
| 4:12 | Build | House |
| 4:27 | Research | Loom |
| 5:05 | Create | Fishing Ship |
| 5:16 | Create | Fishing Ship |
| 5:30 | Create | Villager (Male) |
| 5:31 | Create | Villager (Male) |
| 5:56 | Build | House |
| 6:05 | Create | Fishing Ship |
| 6:11 | Create | Villager (Male) |
| 6:11 | Create | Villager (Male) |
| 6:31 | Create | Villager (Male) |
| 6:46 | Create | Fishing Ship |
| 6:58 | Create | Villager (Male) |
| 7:05 | Build | House |
| 7:10 | Create | Villager (Male) |
| 7:38 | Create | Villager (Male) |
| 7:45 | Create | Fishing Ship |
| 7:45 | Create | Fishing Ship |
| 8:14 | Create | Villager (Male) |
| 8:33 | Create | Fishing Ship |
| 8:33 | Create | Fishing Ship |
| 8:36 | Create | Villager (Male) |
| 9:08 | Create | Villager (Male) |
| 9:19 | Build | House |
| 9:25 | Build | House |
| 9:29 | Create | Villager (Male) |
| 9:40 | Build | Lumber Camp |
| 9:55 | Create | Villager (Male) |
| 10:19 | Research | Feudal Age |
| 10:51 | Build | Dock |
| 11:26 | Build | Mining Camp |
| 12:01 | Create | Villager (Male) |
| 12:33 | Age | Feudal Age |
| 12:37 | Create | Unit 2626 |
| 12:38 | Create | Unit 2626 |
| 12:38 | Create | Unit 2626 |
| 12:51 | Create | Villager (Male) |
| 12:58 | Create | Unit 2626 |
| 12:58 | Create | Unit 2626 |
| 13:05 | Build | Blacksmith |
| 13:08 | Create | Villager (Male) |
| 13:47 | Create | Villager (Male) |
| 13:51 | Research | Town Watch |
| 13:55 | Build | House |
| 13:56 | Build | House |
| 14:01 | Build | House |
| 14:01 | Build | House |
| 14:13 | Build | House |
| 14:23 | Create | Unit 2626 |
| 14:24 | Create | Unit 2626 |
| 14:27 | Create | Villager (Male) |
| 14:47 | Create | Villager (Male) |
| 14:57 | Build | Mill |
| 15:00 | Create | Villager (Male) |
| 15:52 | Create | Villager (Male) |
| 15:55 | Build | Market |
| 15:59 | Research | Double-Bit Axe |
| 16:21 | Create | Unit 2626 |
| 16:22 | Create | Unit 2626 |
| 16:27 | Create | Villager (Male) |
| 16:45 | Create | Unit 2626 |
| 17:00 | Research | Castle Age |
| 17:01 | Research | Castle Age |
| 17:36 | Research | Horse Collar |
| 17:37 | Research | Gold Mining |
| 17:37 | Research | Gold Mining |
| 17:55 | Create | Unit 2626 |
| 17:55 | Create | Unit 2626 |
| 18:00 | Create | Fire Galley |
| 18:00 | Create | Fire Galley |
| 19:01 | Create | Villager (Male) |
| 19:37 | Research | Tech 906 |
| 19:38 | Research | Tech 906 |
| 19:40 | Age | Castle Age |
| 19:45 | Research | War Galley (upgrade) |
| 19:45 | Research | War Galley (upgrade) |
| 19:47 | Research | Bow Saw |
| 19:47 | Research | Bow Saw |
| 19:49 | Create | Villager (Male) |
| 19:53 | Build | Town Center |
| 20:02 | Create | Villager (Male) |
| 20:21 | Build | House |
| 20:25 | Build | House |
| 20:31 | Research | Wheelbarrow |
| 20:38 | Research | Fletching |
| 20:38 | Research | Fletching |
| 20:51 | Create | Villager (Male) |
| 20:54 | Build | House |
| 21:32 | Build | Town Center |
| 21:34 | Create | Villager (Male) |
| 21:35 | Create | Villager (Male) |
| 21:35 | Create | Villager (Male) |
| 21:51 | Create | Villager (Male) |
| 21:58 | Create | Villager (Male) |
| 22:30 | Create | Villager (Male) |
| 22:38 | Build | Monastery |
| 22:44 | Create | Villager (Male) |
| 23:02 | Create | Villager (Male) |
| 23:03 | Create | Villager (Male) |
| 23:07 | Build | House |
| 23:08 | Create | Villager (Male) |
| 23:16 | Research | Hand Cart |
| 23:19 | Create | Villager (Male) |
| 23:19 | Create | Villager (Male) |
| 23:26 | Create | Villager (Male) |
| 23:32 | Build | Lumber Camp |
| 23:36 | Build | Lumber Camp |
| 23:39 | Create | Villager (Male) |
| 23:57 | Create | Villager (Male) |
| 24:06 | Create | Galley |
| 24:06 | Create | Galley |
| 24:18 | Create | Villager (Male) |
| 24:20 | Create | Villager (Male) |
| 24:23 | Create | Villager (Male) |
| 24:36 | Create | Villager (Male) |
| 24:40 | Research | Heavy Plow |
| 24:40 | Research | Heavy Plow |
| 24:42 | Create | Monk |
| 24:50 | Build | House |
| 25:00 | Build | Siege Workshop |
| 25:10 | Build | House |
| 25:11 | Build | House |
| 25:22 | Research | Bodkin Arrow |
| 25:22 | Research | Bodkin Arrow |
| 25:23 | Create | Villager (Male) |
| 25:24 | Create | Villager (Male) |
| 25:26 | Build | Barracks |
| 25:27 | Create | Scorpion |
| 25:27 | Create | Scorpion |
| 25:35 | Build | University |
| 25:37 | Create | Villager (Male) |
| 25:37 | Create | Villager (Male) |
| 25:55 | Create | Galley |
| 25:56 | Create | Galley |
| 26:13 | Create | Scorpion |
| 26:17 | Create | Villager (Male) |
| 26:17 | Create | Villager (Male) |
| 26:24 | Build | Mining Camp |
| 26:28 | Research | Ballistics |
| 26:28 | Research | Ballistics |
| 26:32 | Create | Scorpion |
Build order — VL Carlos Manzo
First 150 of 283 actions detected
| 0:41 | Build | Town Center |
| 1:05 | Build | Dock |
| 1:56 | Build | House |
| 2:57 | Create | Villager (Male) |
| 2:58 | Create | Villager (Male) |
| 2:58 | Create | Villager (Male) |
| 3:14 | Research | Loom |
| 3:35 | Create | Villager (Male) |
| 3:56 | Build | Palisade Wall |
| 4:02 | Build | Palisade Wall |
| 4:02 | Build | Palisade Wall |
| 4:21 | Build | Palisade Wall |
| 4:23 | Create | Villager (Male) |
| 4:24 | Create | Fishing Ship |
| 4:26 | Create | Villager (Male) |
| 5:07 | Create | Fishing Ship |
| 5:18 | Build | House |
| 5:39 | Create | Villager (Male) |
| 6:22 | Create | Fishing Ship |
| 6:30 | Create | Villager (Male) |
| 6:50 | Create | Villager (Male) |
| 7:10 | Create | Villager (Male) |
| 7:30 | Build | House |
| 7:44 | Create | Villager (Male) |
| 7:53 | Create | Villager (Male) |
| 8:07 | Create | Villager (Male) |
| 8:09 | Create | Fishing Ship |
| 8:37 | Create | Villager (Male) |
| 8:42 | Create | Fishing Ship |
| 8:42 | Create | Fishing Ship |
| 8:52 | Build | House |
| 9:28 | Create | Villager (Male) |
| 9:45 | Build | House |
| 9:50 | Create | Villager (Male) |
| 10:01 | Build | Mill |
| 10:05 | Build | Lumber Camp |
| 10:17 | Create | Villager (Male) |
| 10:51 | Create | Villager (Male) |
| 10:54 | Create | Villager (Male) |
| 11:52 | Create | Villager (Male) |
| 12:03 | Build | Mill |
| 12:20 | Create | Villager (Male) |
| 12:48 | Create | Villager (Male) |
| 12:51 | Research | Feudal Age |
| 13:06 | Build | Dock |
| 13:55 | Build | Outpost |
| 14:04 | Research | Double-Bit Axe |
| 14:09 | Build | Mining Camp |
| 14:21 | Build | Outpost |
| 14:26 | Build | Outpost |
| 14:32 | Build | Outpost |
| 14:38 | Build | Outpost |
| 14:58 | Build | Outpost |
| 15:01 | Age | Feudal Age |
| 15:04 | Create | Villager (Male) |
| 15:08 | Build | Outpost |
| 15:10 | Create | Unit 2626 |
| 15:10 | Create | Unit 2626 |
| 15:11 | Create | Villager (Male) |
| 15:26 | Build | Outpost |
| 15:33 | Build | House |
| 15:45 | Build | House |
| 15:55 | Build | Palisade Wall |
| 16:09 | Create | Unit 2626 |
| 16:11 | Create | Demolition Raft |
| 16:25 | Create | Villager (Male) |
| 16:35 | Create | Unit 2626 |
| 16:55 | Create | Villager (Male) |
| 17:22 | Create | Villager (Male) |
| 17:56 | Create | Unit 2626 |
| 18:09 | Create | Villager (Male) |
| 18:14 | Build | Blacksmith |
| 18:18 | Create | Unit 2626 |
| 18:20 | Create | Villager (Male) |
| 18:27 | Research | Bow Saw |
| 18:27 | Research | Bow Saw |
| 19:30 | Build | Market |
| 19:31 | Create | Villager (Male) |
| 19:32 | Research | Forging |
| 19:36 | Create | Demolition Raft |
| 19:50 | Build | House |
| 19:56 | Create | Demolition Raft |
| 20:00 | Build | House |
| 20:06 | Build | House |
| 20:08 | Build | House |
| 20:37 | Create | Villager (Male) |
| 21:05 | Create | Villager (Male) |
| 21:14 | Create | Demolition Raft |
| 21:17 | Create | Villager (Male) |
| 21:20 | Build | Farm |
| 21:21 | Build | Farm |
| 21:23 | Build | Farm |
| 21:25 | Build | Farm |
| 21:28 | Build | Farm |
| 21:29 | Build | Farm |
| 21:30 | Research | Horse Collar |
| 21:37 | Create | Villager (Male) |
| 21:45 | Research | Castle Age |
| 21:45 | Research | Castle Age |
| 22:06 | Create | Unit 2626 |
| 22:18 | Build | Watch Tower |
| 22:22 | Build | House |
| 22:24 | Build | House |
| 22:31 | Create | Villager (Male) |
| 22:38 | Build | Palisade Wall |
| 23:05 | Build | Palisade Wall |
| 23:53 | Create | Demolition Raft |
| 24:32 | Build | House |
| 24:33 | Build | House |
| 24:36 | Age | Castle Age |
| 24:39 | Create | Villager (Male) |
| 24:41 | Build | Castle |
| 24:57 | Create | Villager (Male) |
| 25:06 | Build | Farm |
| 25:08 | Build | Farm |
| 25:12 | Build | House |
| 25:31 | Build | Lumber Camp |
| 25:32 | Create | Villager (Male) |
| 25:37 | Create | Coustillier |
| 25:38 | Create | Coustillier |
| 25:56 | Create | Coustillier |
| 26:25 | Build | Farm |
| 26:32 | Create | Villager (Male) |
| 26:46 | Build | Farm |
| 27:17 | Create | Coustillier |
| 27:27 | Build | Dock |
| 27:42 | Build | Siege Workshop |
| 27:48 | Build | Farm |
| 27:53 | Build | Farm |
| 27:56 | Build | Farm |
| 27:56 | Create | Villager (Male) |
| 28:14 | Build | Outpost |
| 28:30 | Create | Villager (Male) |
| 28:31 | Build | Town Center |
| 28:40 | Build | Farm |
| 28:57 | Create | Coustillier |
| 29:14 | Create | Coustillier |
| 29:14 | Create | Coustillier |
| 29:27 | Build | Siege Workshop |
| 29:34 | Create | Villager (Male) |
| 29:34 | Create | Villager (Male) |
| 29:36 | Create | Villager (Male) |
| 29:43 | Build | Farm |
| 29:50 | Create | Villager (Male) |
| 30:17 | Create | Villager (Male) |
| 30:27 | Create | Villager (Male) |
| 30:35 | Build | Farm |
| 30:37 | Build | Farm |
| 30:37 | Build | Farm |
| 30:38 | Create | Villager (Male) |
Build order — TdB.TheMoonlightBoy
First 150 of 398 actions detected
| 0:05 | Build | Town Center |
| 0:35 | Build | Dock |
| 1:47 | Build | Palisade Wall |
| 2:39 | Create | Villager (Male) |
| 2:40 | Create | Villager (Male) |
| 2:42 | Create | Villager (Male) |
| 3:08 | Research | Loom |
| 3:11 | Build | House |
| 3:19 | Create | Villager (Male) |
| 3:25 | Create | Villager (Male) |
| 3:27 | Create | Villager (Male) |
| 4:09 | Create | Villager (Male) |
| 4:21 | Create | Villager (Male) |
| 4:37 | Build | House |
| 4:47 | Create | Villager (Male) |
| 5:26 | Create | Villager (Male) |
| 5:30 | Create | Fishing Ship |
| 6:07 | Build | Palisade Wall |
| 6:12 | Build | Palisade Gate |
| 6:22 | Create | Villager (Male) |
| 6:38 | Build | House |
| 6:54 | Create | Fishing Ship |
| 7:09 | Create | Villager (Male) |
| 7:22 | Create | Villager (Male) |
| 7:38 | Create | Villager (Male) |
| 7:55 | Create | Fishing Ship |
| 7:56 | Create | Villager (Male) |
| 7:57 | Create | Villager (Male) |
| 8:27 | Build | House |
| 8:44 | Create | Villager (Male) |
| 8:51 | Build | Lumber Camp |
| 9:09 | Build | House |
| 9:47 | Create | Villager (Male) |
| 9:56 | Build | Mill |
| 10:14 | Create | Villager (Male) |
| 10:15 | Create | Villager (Male) |
| 10:48 | Create | Villager (Male) |
| 10:48 | Create | Villager (Male) |
| 11:15 | Build | Mining Camp |
| 11:48 | Research | Feudal Age |
| 12:11 | Build | Palisade Wall |
| 13:17 | Build | House |
| 13:35 | Create | Villager (Male) |
| 13:38 | Build | House |
| 13:39 | Build | House |
| 14:07 | Age | Feudal Age |
| 14:12 | Create | Villager (Male) |
| 14:19 | Build | Market |
| 14:23 | Build | Blacksmith |
| 14:30 | Research | Double-Bit Axe |
| 14:34 | Build | Stone Wall |
| 14:57 | Build | House |
| 15:06 | Build | House |
| 15:08 | Build | House |
| 15:41 | Research | Castle Age |
| 16:00 | Build | Fish Trap |
| 16:12 | Build | Fish Trap |
| 16:14 | Create | Villager (Male) |
| 16:32 | Build | Palisade Wall |
| 16:33 | Build | Palisade Wall |
| 16:38 | Build | Palisade Wall |
| 16:45 | Build | Palisade Wall |
| 16:46 | Build | Palisade Wall |
| 16:48 | Build | Palisade Wall |
| 16:50 | Build | Palisade Wall |
| 16:56 | Create | Villager (Male) |
| 17:18 | Create | Villager (Male) |
| 17:41 | Build | Stone Wall |
| 17:42 | Build | Stone Wall |
| 17:43 | Build | Stone Wall |
| 18:21 | Age | Castle Age |
| 18:33 | Build | Castle |
| 18:41 | Create | Villager (Male) |
| 18:47 | Create | Villager (Male) |
| 19:00 | Build | Town Center |
| 19:02 | Create | Villager (Male) |
| 19:11 | Create | Villager (Male) |
| 19:25 | Build | Mill |
| 19:28 | Build | Mill |
| 19:36 | Research | Bow Saw |
| 19:37 | Create | Villager (Male) |
| 19:46 | Create | Villager (Male) |
| 19:55 | Build | Mining Camp |
| 20:09 | Create | Plumed Archer |
| 20:19 | Create | Villager (Male) |
| 20:26 | Create | Villager (Male) |
| 20:29 | Create | Plumed Archer |
| 20:31 | Create | Villager (Male) |
| 20:57 | Create | Plumed Archer |
| 20:58 | Create | Villager (Male) |
| 21:04 | Create | Villager (Male) |
| 21:09 | Create | Plumed Archer |
| 21:10 | Create | Villager (Male) |
| 21:17 | Create | Villager (Male) |
| 21:17 | Create | Villager (Male) |
| 21:17 | Create | Villager (Male) |
| 21:20 | Research | Fletching |
| 21:22 | Create | Villager (Male) |
| 21:39 | Create | Plumed Archer |
| 21:39 | Create | Plumed Archer |
| 21:54 | Research | Horse Collar |
| 21:57 | Create | Villager (Male) |
| 22:00 | Build | Farm |
| 22:00 | Build | Farm |
| 22:00 | Build | Farm |
| 22:01 | Build | Farm |
| 22:01 | Build | Farm |
| 22:01 | Build | Farm |
| 22:01 | Build | Farm |
| 22:01 | Build | Farm |
| 22:15 | Create | Plumed Archer |
| 22:15 | Create | Plumed Archer |
| 22:16 | Create | Villager (Male) |
| 22:23 | Create | Plumed Archer |
| 22:23 | Create | Plumed Archer |
| 22:39 | Create | Plumed Archer |
| 22:39 | Create | Plumed Archer |
| 22:39 | Create | Villager (Male) |
| 22:45 | Create | Villager (Male) |
| 22:45 | Create | Villager (Male) |
| 22:48 | Create | Villager (Male) |
| 22:52 | Create | Plumed Archer |
| 22:52 | Create | Plumed Archer |
| 22:58 | Build | Farm |
| 23:00 | Build | Farm |
| 23:02 | Create | Plumed Archer |
| 23:03 | Create | Plumed Archer |
| 23:14 | Create | Villager (Male) |
| 23:14 | Create | Villager (Male) |
| 23:18 | Create | Plumed Archer |
| 23:35 | Build | Farm |
| 23:35 | Build | Farm |
| 23:35 | Build | Farm |
| 23:35 | Build | Farm |
| 23:36 | Build | Farm |
| 23:38 | Create | Villager (Male) |
| 23:44 | Create | Plumed Archer |
| 23:45 | Create | Plumed Archer |
| 23:52 | Create | Villager (Male) |
| 23:56 | Build | Farm |
| 24:05 | Build | Farm |
| 24:30 | Create | Villager (Male) |
| 24:31 | Create | Villager (Male) |
| 24:32 | Build | Farm |
| 24:33 | Build | Farm |
| 24:33 | Build | Farm |
| 24:33 | Build | Farm |
| 24:33 | Build | Farm |
| 24:33 | Build | Farm |
| 24:49 | Research | Bodkin Arrow |
Build order — VL JPGP
First 150 of 544 actions detected
| 0:15 | Build | Town Center |
| 0:54 | Build | Dock |
| 0:59 | Build | House |
| 2:34 | Create | Villager (Male) |
| 2:34 | Create | Villager (Male) |
| 2:34 | Create | Villager (Male) |
| 2:34 | Create | Villager (Male) |
| 3:54 | Create | Fishing Ship |
| 4:11 | Create | Villager (Male) |
| 4:38 | Create | Villager (Male) |
| 4:41 | Build | House |
| 5:05 | Research | Loom |
| 5:17 | Create | Villager (Male) |
| 5:40 | Create | Villager (Male) |
| 5:41 | Create | Fishing Ship |
| 6:12 | Create | Villager (Male) |
| 6:15 | Build | House |
| 6:20 | Create | Villager (Male) |
| 6:52 | Create | Villager (Male) |
| 7:08 | Create | Villager (Male) |
| 7:09 | Create | Fishing Ship |
| 7:23 | Build | House |
| 7:37 | Create | Fishing Ship |
| 7:43 | Build | House |
| 7:59 | Create | Villager (Male) |
| 8:19 | Create | Fishing Ship |
| 8:28 | Create | Villager (Male) |
| 8:34 | Build | Mill |
| 8:52 | Create | Villager (Male) |
| 8:52 | Create | Villager (Male) |
| 8:57 | Build | House |
| 8:58 | Build | House |
| 9:25 | Create | Villager (Male) |
| 9:28 | Build | House |
| 9:55 | Create | Villager (Male) |
| 10:33 | Create | Villager (Male) |
| 11:00 | Create | Villager (Male) |
| 11:24 | Create | Villager (Male) |
| 11:44 | Build | Dock |
| 11:52 | Create | Villager (Male) |
| 12:20 | Research | Feudal Age |
| 12:42 | Build | Mining Camp |
| 13:02 | Build | Lumber Camp |
| 13:22 | Create | Villager (Male) |
| 13:24 | Create | Fishing Ship |
| 13:25 | Create | Fishing Ship |
| 13:38 | Age | Feudal Age |
| 13:46 | Build | Market |
| 13:49 | Create | Villager (Male) |
| 14:04 | Create | Unit 2626 |
| 14:12 | Create | Villager (Male) |
| 14:17 | Research | Town Watch |
| 14:33 | Build | Blacksmith |
| 14:41 | Build | House |
| 14:49 | Build | House |
| 15:06 | Create | Villager (Male) |
| 15:17 | Create | Fire Galley |
| 15:33 | Create | Villager (Male) |
| 15:38 | Create | Fishing Ship |
| 15:39 | Create | Fishing Ship |
| 15:39 | Create | Fishing Ship |
| 16:04 | Create | Villager (Male) |
| 16:04 | Create | Villager (Male) |
| 16:09 | Build | Farm |
| 16:10 | Build | Farm |
| 16:11 | Build | Farm |
| 16:13 | Build | Farm |
| 16:41 | Build | Farm |
| 16:44 | Create | Villager (Male) |
| 16:57 | Create | Fishing Ship |
| 17:08 | Build | Farm |
| 17:19 | Build | Farm |
| 17:25 | Create | Villager (Male) |
| 17:59 | Research | Castle Age |
| 18:08 | Build | Lumber Camp |
| 18:18 | Build | Farm |
| 18:28 | Research | Double-Bit Axe |
| 18:43 | Build | House |
| 18:45 | Create | Fishing Ship |
| 18:51 | Research | Tech 906 |
| 19:21 | Create | Villager (Male) |
| 19:23 | Research | Horse Collar |
| 19:35 | Age | Castle Age |
| 19:39 | Research | Wheelbarrow |
| 19:46 | Build | Town Center |
| 19:51 | Create | Villager (Male) |
| 19:58 | Build | Town Center |
| 20:10 | Create | Villager (Male) |
| 20:37 | Research | Gillnets |
| 20:50 | Create | Demolition Raft |
| 20:53 | Create | Unit 2626 |
| 20:55 | Create | Villager (Male) |
| 20:58 | Build | House |
| 21:00 | Build | House |
| 21:02 | Create | Villager (Male) |
| 21:02 | Create | Villager (Male) |
| 21:08 | Create | Villager (Male) |
| 21:10 | Create | Villager (Male) |
| 21:20 | Build | Farm |
| 21:21 | Build | Farm |
| 21:22 | Build | Farm |
| 21:27 | Build | Farm |
| 21:37 | Create | Villager (Male) |
| 21:37 | Create | Villager (Male) |
| 21:37 | Create | Villager (Male) |
| 21:38 | Create | Villager (Male) |
| 21:38 | Create | Villager (Male) |
| 21:38 | Create | Villager (Male) |
| 21:39 | Create | Villager (Male) |
| 21:39 | Create | Villager (Male) |
| 21:40 | Create | Villager (Male) |
| 21:50 | Create | Unit 2626 |
| 21:50 | Create | Unit 2626 |
| 21:57 | Create | Villager (Male) |
| 22:02 | Create | Fire Galley |
| 22:05 | Create | Villager (Male) |
| 22:18 | Research | Bow Saw |
| 22:28 | Create | Unit 2626 |
| 23:02 | Research | War Galley (upgrade) |
| 23:03 | Create | Villager (Male) |
| 23:03 | Create | Villager (Male) |
| 23:13 | Create | Villager (Male) |
| 23:13 | Create | Villager (Male) |
| 23:33 | Create | Unit 2626 |
| 23:41 | Create | Villager (Male) |
| 23:41 | Create | Villager (Male) |
| 23:57 | Build | Dock |
| 24:11 | Create | Villager (Male) |
| 24:11 | Create | Villager (Male) |
| 24:13 | Create | Villager (Male) |
| 24:13 | Create | Villager (Male) |
| 24:13 | Create | Villager (Male) |
| 24:15 | Build | Farm |
| 24:16 | Build | Farm |
| 24:16 | Build | Farm |
| 24:16 | Build | Farm |
| 24:16 | Build | Farm |
| 24:16 | Build | Farm |
| 24:17 | Build | Farm |
| 24:24 | Create | Villager (Male) |
| 24:25 | Create | Villager (Male) |
| 24:46 | Create | Villager (Male) |
| 24:46 | Create | Villager (Male) |
| 24:46 | Create | Villager (Male) |
| 24:51 | Build | House |
| 24:52 | Build | House |
| 24:52 | Build | House |
| 24:53 | Build | House |
| 24:53 | Build | House |
| 24:53 | Build | House |
Build order — Sawasha Takohida
First 150 of 488 actions detected
| 0:16 | Build | Town Center |
| 0:35 | Build | Palisade Wall |
| 1:11 | Build | Dock |
| 2:08 | Build | Palisade Wall |
| 2:11 | Build | Palisade Wall |
| 2:12 | Build | Palisade Wall |
| 2:15 | Build | Palisade Wall |
| 2:16 | Build | Palisade Wall |
| 2:35 | Create | Villager (Male) |
| 2:35 | Create | Villager (Male) |
| 2:36 | Create | Villager (Male) |
| 2:36 | Create | Villager (Male) |
| 2:36 | Create | Villager (Male) |
| 2:40 | Build | House |
| 2:54 | Build | Palisade Wall |
| 4:07 | Create | Fishing Ship |
| 4:08 | Create | Fishing Ship |
| 4:14 | Research | Loom |
| 4:14 | Research | Loom |
| 4:40 | Build | House |
| 4:45 | Create | Villager (Male) |
| 4:45 | Create | Villager (Male) |
| 5:19 | Create | Villager (Male) |
| 5:19 | Create | Villager (Male) |
| 5:44 | Create | Villager (Male) |
| 5:44 | Create | Villager (Male) |
| 5:58 | Create | Fishing Ship |
| 5:59 | Create | Fishing Ship |
| 6:12 | Create | Villager (Male) |
| 6:13 | Create | Villager (Male) |
| 6:24 | Create | Villager (Male) |
| 6:25 | Create | Villager (Male) |
| 6:25 | Create | Villager (Male) |
| 6:41 | Build | House |
| 6:55 | Create | Villager (Male) |
| 6:55 | Create | Villager (Male) |
| 7:06 | Create | Fishing Ship |
| 7:06 | Create | Fishing Ship |
| 7:07 | Create | Fishing Ship |
| 7:24 | Create | Villager (Male) |
| 7:25 | Create | Villager (Male) |
| 7:30 | Build | House |
| 7:54 | Create | Fishing Ship |
| 8:07 | Build | House |
| 8:18 | Create | Villager (Male) |
| 8:18 | Create | Villager (Male) |
| 8:31 | Create | Fishing Ship |
| 8:40 | Build | House |
| 9:23 | Create | Villager (Male) |
| 9:28 | Create | Villager (Male) |
| 9:34 | Build | Mill |
| 9:36 | Create | Villager (Male) |
| 9:43 | Build | House |
| 9:56 | Create | Villager (Male) |
| 10:15 | Create | Villager (Male) |
| 10:47 | Create | Villager (Male) |
| 10:58 | Research | Feudal Age |
| 11:00 | Build | Mining Camp |
| 11:36 | Build | Barracks |
| 12:55 | Create | Villager (Male) |
| 13:13 | Age | Feudal Age |
| 13:19 | Build | Archery Range |
| 13:28 | Build | Blacksmith |
| 13:32 | Create | Villager (Male) |
| 13:52 | Build | House |
| 14:08 | Research | Castle Age |
| 14:09 | Research | Castle Age |
| 14:18 | Build | Lumber Camp |
| 14:30 | Build | House |
| 14:52 | Build | House |
| 15:00 | Research | Double-Bit Axe |
| 15:00 | Research | Double-Bit Axe |
| 15:13 | Create | Villager (Male) |
| 15:38 | Research | Gold Mining |
| 16:13 | Research | Fletching |
| 16:31 | Create | Villager (Male) |
| 16:47 | Build | Archery Range |
| 16:48 | Age | Castle Age |
| 16:52 | Create | Cavalry Archer |
| 16:58 | Create | Villager (Male) |
| 17:08 | Build | Town Center |
| 17:17 | Create | Villager (Male) |
| 17:37 | Create | Villager (Male) |
| 17:40 | Create | Villager (Male) |
| 18:10 | Build | House |
| 18:12 | Create | Cavalry Archer |
| 18:12 | Create | Cavalry Archer |
| 18:13 | Create | Cavalry Archer |
| 18:15 | Create | Cavalry Archer |
| 18:15 | Create | Cavalry Archer |
| 18:16 | Create | Cavalry Archer |
| 18:31 | Create | Villager (Male) |
| 18:48 | Create | Cavalry Archer |
| 18:48 | Create | Cavalry Archer |
| 18:50 | Create | Villager (Male) |
| 18:51 | Create | Villager (Male) |
| 19:22 | Create | Villager (Male) |
| 19:25 | Build | Monastery |
| 19:27 | Create | Villager (Male) |
| 19:36 | Create | Cavalry Archer |
| 19:36 | Create | Cavalry Archer |
| 20:09 | Research | Bodkin Arrow |
| 20:09 | Research | Bodkin Arrow |
| 20:09 | Research | Bodkin Arrow |
| 20:28 | Create | Villager (Male) |
| 20:36 | Create | Villager (Male) |
| 20:41 | Create | Villager (Male) |
| 21:02 | Create | Villager (Male) |
| 21:08 | Create | Cavalry Archer |
| 21:08 | Create | Cavalry Archer |
| 21:09 | Create | Villager (Male) |
| 21:10 | Create | Villager (Male) |
| 21:24 | Create | Cavalry Archer |
| 21:24 | Create | Cavalry Archer |
| 21:33 | Create | Villager (Male) |
| 21:41 | Create | Monk |
| 21:41 | Create | Monk |
| 21:48 | Build | House |
| 22:05 | Create | Villager (Male) |
| 22:12 | Build | House |
| 22:18 | Create | Villager (Male) |
| 22:20 | Build | University |
| 22:58 | Build | Farm |
| 22:58 | Build | Farm |
| 22:58 | Build | Farm |
| 22:58 | Build | Farm |
| 23:09 | Create | Villager (Male) |
| 23:09 | Create | Villager (Male) |
| 23:09 | Create | Villager (Male) |
| 23:10 | Create | Cavalry Archer |
| 23:10 | Create | Cavalry Archer |
| 23:20 | Build | House |
| 23:50 | Build | Farm |
| 23:50 | Build | Farm |
| 23:51 | Build | Farm |
| 23:55 | Create | Cavalry Archer |
| 24:01 | Create | Villager (Male) |
| 24:02 | Create | Villager (Male) |
| 24:08 | Create | Villager (Male) |
| 24:11 | Create | Villager (Male) |
| 24:13 | Research | Bow Saw |
| 24:19 | Create | Cavalry Archer |
| 24:30 | Create | Cavalry Archer |
| 24:34 | Create | Villager (Male) |
| 24:37 | Create | Villager (Male) |
| 24:40 | Build | House |
| 24:41 | Build | House |
| 24:41 | Build | House |
| 24:42 | Build | House |
| 25:00 | Create | Villager (Male) |
Match timeline
| 0:27 | VL Lemoine · first_building Dock |
| 0:35 | Sawasha Takohida · wall_segment Palisade Wall x1 |
| 0:35 | TdB.TheMoonlightBoy · first_building Dock |
| 0:39 | DeX_JeD1 · first_building Dock |
| 0:48 | OmegaJ256 · first_building Dock |
| 0:54 | VL JPGP · first_building Dock |
| 1:05 | VL Carlos Manzo · first_building Dock |
| 1:11 | Sawasha Takohida · first_building Dock |
| 1:31 | Z_1_p_l_a · first_building Dock |
| 1:47 | TdB.TheMoonlightBoy · wall_segment Palisade Wall x1 |
| 2:08 | Sawasha Takohida · wall_segment Palisade Wall x1 |
| 2:11 | Sawasha Takohida · wall_segment Palisade Wall x1 |
| 2:12 | Sawasha Takohida · wall_segment Palisade Wall x1 |
| 2:15 | Sawasha Takohida · wall_segment Palisade Wall x1 |
| 2:16 | Sawasha Takohida · wall_segment Palisade Wall x1 |
| 2:54 | Sawasha Takohida · wall_segment Palisade Wall x1 |
| 3:56 | VL Carlos Manzo · wall_segment Palisade Wall x1 |
| 4:02 | VL Carlos Manzo · wall_segment Palisade Wall x1 |
| 4:02 | VL Carlos Manzo · wall_segment Palisade Wall x1 |
| 4:21 | VL Carlos Manzo · wall_segment Palisade Wall x1 |
| 6:07 | TdB.TheMoonlightBoy · wall_segment Palisade Wall x1 |
| 7:19 | DeX_JeD1 · wall_segment Palisade Wall x6 |
| 10:32 | OmegaJ256 · wall_segment Palisade Wall x1 |
| 11:36 | Sawasha Takohida · first_building Barracks |
| 11:55 | VL Lemoine · wall_segment Palisade Wall x1 |
| 11:56 | DeX_JeD1 · wall_segment Palisade Wall x8 |
| 12:11 | TdB.TheMoonlightBoy · wall_segment Palisade Wall x1 |
| 12:28 | VL Lemoine · age_up feudal |
| 12:33 | Z_1_p_l_a · age_up feudal |
| 12:51 | OmegaJ256 · first_building Barracks |
| 12:54 | VL Lemoine · wall_segment Palisade Wall x6 |
| 13:13 | Sawasha Takohida · age_up feudal |
| 13:19 | Sawasha Takohida · first_building Archery Range |
| 13:38 | VL JPGP · age_up feudal |
| 13:39 | DeX_JeD1 · age_up feudal |
| 13:44 | DeX_JeD1 · first_building Donjon |
| 13:51 | DeX_JeD1 · wall_segment Palisade Wall x9 |
| 14:07 | TdB.TheMoonlightBoy · age_up feudal |
| 14:18 | VL Lemoine · wall_segment Palisade Wall x6 |
| 14:30 | OmegaJ256 · first_building Archery Range |
| 14:34 | TdB.TheMoonlightBoy · wall_segment Stone Wall x10 |
| 14:45 | DeX_JeD1 · wall_segment Stone Wall x7 |
| 15:01 | VL Carlos Manzo · age_up feudal |
| 15:19 | TdB.TheMoonlightBoy · first_market_sell 100 stone |
| 15:40 | VL Lemoine · wall_segment Palisade Wall x1 |
| 15:45 | VL Lemoine · wall_segment Palisade Wall x1 |
| 15:47 | VL Lemoine · wall_segment Palisade Wall x1 |
| 15:53 | VL Lemoine · wall_segment Palisade Wall x1 |
| 15:55 | VL Carlos Manzo · wall_segment Palisade Wall x1 |
| 15:59 | DeX_JeD1 · first_market_sell 100 stone |
| 16:20 | VL JPGP · first_market_buy 500 food |
| 16:28 | VL JPGP · first_market_sell 100 wood |
| 16:32 | TdB.TheMoonlightBoy · wall_segment Palisade Wall x1 |
| 16:33 | TdB.TheMoonlightBoy · wall_segment Palisade Wall x1 |
| 16:38 | TdB.TheMoonlightBoy · wall_segment Palisade Wall x1 |
| 16:45 | TdB.TheMoonlightBoy · wall_segment Palisade Wall x1 |
| 16:46 | TdB.TheMoonlightBoy · wall_segment Palisade Wall x1 |
| 16:48 | TdB.TheMoonlightBoy · wall_segment Palisade Wall x1 |
| 16:48 | Sawasha Takohida · age_up castle |
| 16:50 | TdB.TheMoonlightBoy · wall_segment Palisade Wall x1 |
| 16:52 | VL Lemoine · first_market_buy 100 stone |
| 17:05 | VL Lemoine · wall_segment Palisade Wall x1 |
| 17:06 | VL Lemoine · wall_segment Palisade Wall x1 |
| 17:38 | VL Lemoine · age_up castle |
| 17:39 | VL Lemoine · first_building Krepost |
| 17:41 | TdB.TheMoonlightBoy · wall_segment Stone Wall x1 |
| 17:42 | TdB.TheMoonlightBoy · wall_segment Stone Wall x1 |
| 17:43 | TdB.TheMoonlightBoy · wall_segment Stone Wall x1 |
| 18:21 | TdB.TheMoonlightBoy · age_up castle |
| 18:33 | TdB.TheMoonlightBoy · first_building Castle |
| 18:43 | DeX_JeD1 · age_up castle |
| 18:50 | DeX_JeD1 · first_building Castle |
| 19:25 | Sawasha Takohida · first_building Monastery |
| 19:35 | VL JPGP · age_up castle |
| 19:40 | Z_1_p_l_a · age_up castle |
| 20:39 | VL Lemoine · first_building Siege Workshop |
| 21:37 | DeX_JeD1 · first_building Siege Workshop |
| 21:41 | VL Carlos Manzo · first_market_sell 100 wood |
| 22:38 | VL Carlos Manzo · wall_segment Palisade Wall x7 |
| 22:38 | Z_1_p_l_a · first_building Monastery |
| 23:05 | VL Carlos Manzo · wall_segment Palisade Wall x4 |
| 24:04 | VL Lemoine · first_building Castle |
| 24:36 | VL Carlos Manzo · age_up castle |
| 24:39 | VL Carlos Manzo · first_market_buy 100 stone |
| 24:41 | VL Carlos Manzo · first_building Castle |
| 24:42 | VL Lemoine · first_building Monastery |
| 25:00 | Z_1_p_l_a · first_building Siege Workshop |
| 25:26 | Z_1_p_l_a · first_building Barracks |
| 26:37 | Z_1_p_l_a · first_building Archery Range |
| 27:34 | VL JPGP · first_building Castle |
| 27:42 | VL Carlos Manzo · first_building Siege Workshop |
| 27:52 | Sawasha Takohida · first_building Stable |
| 29:25 | OmegaJ256 · first_building Siege Workshop |
| 31:59 | OmegaJ256 · first_building Monastery |
| 32:00 | Sawasha Takohida · first_market_buy 100 food |
| 32:01 | VL JPGP · age_up imperial |
| 33:13 | Sawasha Takohida · first_building Castle |
| 33:21 | TdB.TheMoonlightBoy · first_building Barracks |
| 33:30 | VL JPGP · first_building Barracks |
| 33:37 | TdB.TheMoonlightBoy · age_up imperial |
| 34:47 | TdB.TheMoonlightBoy · first_building Archery Range |
| 34:51 | Z_1_p_l_a · age_up imperial |
| 35:11 | Z_1_p_l_a · first_market_buy 100 stone |
| 35:16 | VL Lemoine · age_up imperial |
| 35:20 | Z_1_p_l_a · first_building Castle |
| 35:21 | Sawasha Takohida · age_up imperial |
| 35:25 | VL JPGP · first_building Archery Range |
| 35:36 | OmegaJ256 · first_building Castle |
| 35:54 | VL Lemoine · first_building Barracks |
| 36:22 | Sawasha Takohida · wall_segment Stone Wall x8 |
| 36:25 | OmegaJ256 · first_market_sell 500 wood |
| 36:25 | Z_1_p_l_a · first_market_sell 100 food |
| 36:45 | VL Lemoine · first_building Stable |
| 38:36 | OmegaJ256 · first_market_buy 100 wood |
| 39:31 | VL Lemoine · first_market_sell 100 wood |
| 39:42 | Sawasha Takohida · first_building Siege Workshop |
| 41:07 | VL Carlos Manzo · first_building Barracks |
| 41:57 | VL Carlos Manzo · age_up imperial |
| 42:53 | VL JPGP · first_building Stable |
| 43:58 | OmegaJ256 · resign |
[ AI ANALYSIS · 1 CREDIT ]
What really happened in this match?
Wolo.gg analyzes every decision: build order, eco, micro, common mistakes by bracket. Personalized analysis on WhatsApp or Discord in 30 seconds.
Civ guide
Sicilians
Perfil
DeX_JeD1